Map: Ruins of Seras

Players

Hindulaatti

  • Race: Protoss Protoss
  • League: Diamond

Александр

  • Race: Protoss Protoss

BLFG

  • Race: Zerg Zerg

HPlanet

  • Race: Zerg Zerg

VOD

Have the link to the VOD?

Description

Time

  • Played on: Jan. 15, 2016, 9:56 a.m.
  • Length: 12:17
Show
View Real Time Build Order
Export as new Build Order

Hindulaatti Protoss 

Build Orders:  

Get SALT Encoding   

  12  0:01  Probe (Chrono Boost)  
  13  0:12  Probe (Chrono Boost)  
  14  0:18  Pylon  
  14  0:22  Probe (Chrono Boost)  
  15  0:37  Probe (Chrono Boost)  
  15  0:40  Gateway  
  16  0:45  Assimilator  
  16  0:48  Probe (Chrono Boost)  
  17  0:54  Assimilator  
  17  0:59  Probe (Chrono Boost)  
  18  1:10  Probe (Chrono Boost)  
  19  1:18  Pylon  
  19  1:20  Probe (Chrono Boost)  
  20  1:27  Cybernetics Core  
  21  1:33  Probe (Chrono Boost)  
  21  1:52  Warp Gate  
  21  1:56  Nexus  
  21  2:07  Probe (Chrono Boost)  
  22  2:12  Pylon  
  22  2:21  Probe (Chrono Boost)  
  23  2:24  Adept  
  25  2:33  Probe (Chrono Boost)  
  26  2:40  Robotics Facility  
  26  2:49  Pylon  
  26  2:56  Probe (Chrono Boost)  
  27  3:05  Gateway  
  27  3:08  Probe (Chrono Boost)  
  28  3:14  Gateway  
  28  3:17  Probe (Chrono Boost)  
  28  3:26  Pylon  
  28  3:34  Warp Prism  
  30  3:43  Mothership Core (Chrono Boost), Probe (Chrono Boost)  
  31  3:54  Probe (Chrono Boost)  
  32  4:02  Pylon  
  33  4:03  Probe (Chrono Boost)  
  33  4:07  Probe (Chrono Boost)  
  34  4:12  Pylon  
  34  4:13  Adept  
  34  4:14  Adept  
  34  4:15  Probe (Chrono Boost)  
  39  4:20  Assimilator  
  39  4:21  Probe (Chrono Boost)  
  41  4:31  Probe (Chrono Boost)  
  41  4:32  Probe (Chrono Boost)  
  42  4:44  Probe x2 (Chrono Boost)  
  41  4:51  Adept x3  
  47  4:54  Probe x2 (Chrono Boost)  
  47  4:59  Pylon  
  49  5:00  Pylon  
  49  5:12  Forge  
  49  5:15  Observer  
  49  5:16  Probe x2 (Chrono Boost)  
  52  5:22  Twilight Council  
  52  5:27  Probe x2 (Chrono Boost)  
  50  5:31  Assimilator  
  50  5:33  Adept  
  50  5:34  Adept  
  48  5:38  Adept  
  48  5:42  Protoss Ground Weapons Level 1  
  50  5:44  Pylon  
  50  5:48  Probe x2 (Chrono Boost)  
  52  5:59  Gateway  
  52  6:06  Gateway  
  52  6:09  Resonating Glaives (Chrono Boost)  
  52  6:11  Gateway  
  52  6:16  Probe  
  52  6:17  Probe  
  54  6:29  Probe  
  55  6:39  Observer  
  56  6:47  Adept x3  
  48  6:56  Nexus  
  48  6:58  Pylon  
  48  6:59  Adept x3  
  48  7:00  Pylon  
  54  7:01  Pylon x2  
  54  7:15  Pylon  
  54  7:19  Pylon  
  54  7:20  Adept x2  
  54  7:22  Protoss Ground Armor Level 1  
  58  7:26  Sentry x2  
  58  7:27  Sentry  
  58  7:28  Sentry  
  66  7:32  Gateway  
  66  7:37  Gateway  
  66  7:43  Gateway  
  66  7:47  Adept  
  66  7:49  Adept  
  70  7:53  Probe  
  70  7:54  Probe  
  71  7:58  Adept  
  71  8:03  Photon Cannon  
  73  8:08  Adept  
  75  8:22  Templar Archives  
  75  8:31  Charge (Chrono Boost)  
  73  8:35  Pylon  
  73  8:38  Observer  
  73  8:41  Adept x4  
  74  8:43  Probe  
  74  8:44  Probe  
  74  8:45  Probe  
  83  8:59  Observer  
  83  9:01  Nexus  
  84  9:04  Pylon  
  84  9:07  Probe x2  
  84  9:09  Probe  
  85  9:12  Zealot  
  85  9:15  Sentry x2  
  91  9:18  Probe  
  91  9:19  Probe  
  91  9:23  Assimilator  
  93  9:27  Assimilator  
  93  9:29  Probe  
  94  9:34  High Templar x4  
  94  9:36  Pylon  
  102  9:39  Pylon  
  102  9:42  Archon x2  
  102  9:44  Photon Cannon  
  102  9:48  Psionic Storm  
  102  9:51  High Templar x2  
  106  9:52  Probe  
  106  9:53  Probe  
  106  9:54  Probe  
  109  10:08  High Templar x2  
  109  10:10  High Templar x2  
  109  10:12  Probe x3  
  109  10:13  Probe  
  119  10:22  Probe  
  119  10:23  Archon  
  119  10:24  Probe x2  
  119  10:26  Probe  
  119  10:27  Stalker x2  
  119  10:28  Stalker x2  
  131  10:34  Pylon  
  130  10:43  Zealot  
  130  10:44  Zealot x3  
  138  10:50  Stalker x2  
  142  11:00  Forge  
  142  11:18  Pylon  
  142  11:19  Zealot x5  
  142  11:20  Zealot  
  142  11:22  Probe x2  
  142  11:24  Probe  
  157  11:27  Assimilator  
  157  11:28  Assimilator  
  157  11:33  High Templar  
  157  11:34  High Templar  
  157  11:39  Gateway  
  161  11:41  Gateway  
  161  11:43  Gateway  
  161  11:45  Gateway  
  152  11:56  Archon  
  152  11:57  Archon  
  152  11:59  High Templar  
  152  12:00  High Templar x3  
  160  12:01  Zealot x2  
  160  12:02  Zealot  
  160  12:03  Archon  
  160  12:04  Archon  
  160  12:05  Archon  
Show
View Real Time Build Order
Export as new Build Order

Александр Protoss 

Build Orders:  

Get SALT Encoding   

  12  0:01  Drone  
  13  0:14  Overlord  
  13  0:22  Drone  
  14  0:36  Drone x2  
  14  0:37  Drone  
  17  0:59  Hatchery  
  16  1:05  Drone  
  17  1:12  Extractor  
  16  1:20  Spawning Pool  
  16  1:22  Drone  
  16  1:25  Drone  
  17  1:32  Drone  
  18  1:38  Drone  
  19  1:47  Extractor  
  18  2:11  Drone x2  
  18  2:12  Hatchery  
  18  2:14  Drone  
  19  2:24  Spine Crawler  
  18  2:30  Drone  
  19  2:40  Queen  
  19  2:43  Zergling x2  
  22  2:46  Zergling x2  
  23  2:52  Drone  
  23  2:54  Drone  
  23  2:57  Drone  
  26  3:05  Overlord  
  26  3:10  Drone  
  27  3:24  Zergling x8  
  29  3:43  Queen  
  29  3:45  Queen  
  33  3:52  Queen  
  35  4:00  Drone x2  
  35  4:01  Drone  
  38  4:05  Drone  
  38  4:07  Drone  
  40  4:37  Drone  
  40  4:38  Drone  
  42  4:40  Overlord x3  
  42  4:41  Overlord  
  42  4:48  Roach Warren  
  42  4:50  Lair  
  34  5:06  Zergling x10  
  37  5:13  Metabolic Boost  
  19  6:06  Drone  
  20  7:02  Drone  
  20  7:03  Drone x4  
  25  7:28  Drone x3  
  27  7:51  Drone x4  
  29  7:52  Drone  
  32  7:59  Glial Reconstitution  
  30  8:23  Zergling x12  
  33  8:47  Roach  
  33  8:48  Roach  
  34  8:57  Queen  
  34  9:01  Drone  
  31  9:36  Roach  
  31  9:37  Roach x7  
  47  9:46  Queen  
  49  9:55  Overseer  
  49  10:00  Ravager x2  
  51  10:13  Queen  
  51  10:16  Queen  
  51  10:20  Drone x3  
  29  10:57  Roach x3  
  33  11:00  Queen  
  28  11:25  Roach  
  28  11:26  Roach  
  30  11:33  Spine Crawler  
  30  11:34  Spine Crawler  
    12:03  Drone x2  
Show
View Real Time Build Order
Export as new Build Order

BLFG Zerg 

Build Orders:  

Get SALT Encoding   

Show
View Real Time Build Order
Export as new Build Order

HPlanet Zerg 

Build Orders:  

Get SALT Encoding   

Tags
 
Add a new tag
Caveats
  • Supply blocks, unpowered buildings, or Contaminate may cause inaccurate times.
  • Supply counts are checked every 10 seconds.